 Dungeon Crawl Stone Soup version 0.30.1 (webtiles) character file.

Game seed: 11130533214165306542

74 Gorgoleon the Poker (level 4, -2/35 HPs)
             Began as a Merfolk Gladiator on July 14, 2023.
             Killed by divine providence
             ... invoked by an orc priest
              (13 damage)
             ... on level 3 of the Dungeon.
             The game lasted 00:11:07 (2063 turns).

Gorgoleon the Poker (Merfolk Gladiator)             Turns: 2063, Time: 00:11:08

Health: -2/35      AC:  7    Str: 16    XL:     4   Next: 30%
Magic:  4/4        EV: 12    Int:  7    God:
Gold:   241        SH:  0    Dex: 15    Spells: 3/3 levels left

rFire   . . .        a - +0 trident
rCold   . . .        (no shield)
rNeg    . . .        o - +0 ring mail
rPois   .            j - +0 helmet
rElec   .            (no cloak)
rCorr   .            (no gloves)
SInv    .            n - +0 pair of boots
Will    .....        (no amulet) Stlth
                     (no ring)
HPRegen 0.25/turn    (no ring)
MPRegen 0.09/turn

%: no passive effects
@: confused, ambrosia-drunk, flying
A: (nimble swimmer 2), mertail
a: no special abilities


You were on level 3 of the Dungeon.
You visited 1 branch of the dungeon, and saw 4 of its levels.

You collected 241 gold pieces.

Inventory:

Hand Weapons
 a - a +0 trident (weapon)
Missiles
 d - 3 throwing nets
 e - a javelin
 i - 28 stones (quivered)
Armour
 j - a +0 helmet (worn)
 n - a +0 pair of boots (worn)
 o - a +0 ring mail (worn)
Jewellery
 t - a +6 ring of intelligence
Potions
 b - a potion of magic
 f - a potion of invisibility
 m - a potion of haste {unknown}
 q - a potion of degeneration {unknown}
 r - a potion of might {unknown}
 s - a potion of berserk rage {unknown}
 u - a potion of flight


   Skills:
 - Level 3.0 Fighting
 + Level 5.3 Polearms
 - Level 2.0 Throwing
 + Level 0.3 Armour
 + Level 4.9 Dodging


You had 3 spell levels left.
You didn't know any spells.
Your spell library was empty.

Dungeon Overview and Level Annotations

Branches:
Dungeon (4/15)
 Temple: D:4-7

Altars:
Dithmenos
Nemelex Xobeh
Sif Muna
Zin
The Shining One


Innate Abilities, Weirdness & Mutations

((You are very nimble when in or above water. (Stealth+, EV+, Speed+++)))
Your lower body shifts to a powerful aquatic tail in water.


Message History

* * * LOW HITPOINT WARNING * * *
The orc priest attacks as you move away!
The orc priest barely misses you.
You feel less confused.
The orc priest invokes the aid of Beogh against you.
Pain shoots through your body!
* * * LOW HITPOINT WARNING * * *
The orc wizard hits you with a +0 dagger.
* * * LOW HITPOINT WARNING * * *
There is a stone staircase leading up here.
The orc priest barely misses you.
You climb upwards.
There is a stone staircase leading down here.
It was a potion of flight.
You feel very buoyant.
You fly up into the air.
The orc wizard closely misses you. The orc priest closely misses you.
It was a potion of curing.
You feel better.
The orc wizard hits you but does no damage.
The orc priest hits you but does no damage.
The orc wizard attacks as you move away!
The orc wizard hits you with a +0 dagger.
The orc wizard casts a spell at you. The puff of flame hits you.
The orc wizard gestures at you while chanting.
The magic dart hits you.
* * * LOW HITPOINT WARNING * * *
The orc priest attacks as you move away!
The orc priest hits you with a +0 hand axe.
* * * LOW HITPOINT WARNING * * *
Reach: a) +0 trident
Press: ? - help, Dir - move target, f - orc priest
Aim: an orc priest, wielding a +0 hand axe (about 40% to evade your +0 trident)
You reach to attack!
You puncture the orc priest!
The orc priest is almost dead.
You are confused.
You feel invigorated.
The orc priest invokes the aid of Beogh against you.
Beogh smites you!
You die...

###.##............
#...........######
#.........###
#.......#.#
#..>....#.### #
###o......#...# #
##...#####.###.# ###
###.o#######.....####..
#....o@.).####.....##..
#########..###.....##..
##.........####
#####.....[.##
#.....#... #.....###.
####### ## # #


You could see an orc priest and an orc wizard.

Vanquished Creatures
  A dart slug (D:2)
  An orc (D:3)
  7 ball pythons
  4 bats
  4 endoplasms
  3 giant cockroaches
  3 goblins
  5 hobgoblins
  4 jackals (D:3)
  2 quokkas
  3 frilled lizards
  5 kobolds
  4 rats
46 creatures vanquished.

Vanquished Creatures (others)
  An orc wizard (D:4)
1 creature vanquished.

Grand Total: 47 creatures vanquished

Notes
Turn   | Place    | Note
-------+----------+-------------------------------------------
     0 | D:1      | Gorgoleon the Merfolk Gladiator began the quest for the
                  | Orb.
     0 | D:1      | Reached XP level 1. HP: 16/16 MP: 1/1
    86 | D:1      | Reached XP level 2. HP: 23/23 MP: 2/2
   646 | D:1      | Reached XP level 3. HP: 28/28 MP: 3/3
   781 | D:2      | Found a shimmering blue altar of Sif Muna.
  1419 | D:3      | Found a shadowy altar of Dithmenos.
  1583 | D:3      | Found a glowing silver altar of Zin.
  1587 | D:3      | Found a sparkling altar of Nemelex Xobeh.
  1683 | D:3      | Reached skill level 5 in Polearms
  1687 | D:3      | Found a glowing golden altar of the Shining One.
  2047 | D:4      | Reached XP level 4. HP: 23/35 MP: 4/4
  2063 | D:3      | Killed from afar by an orc priest

Illustrated notes

Levels and vault maps discovered:
D:1:      psy_arrival_conway, layout_loops_ring
D:2:      layout_basic, basic_altar
D:3:      layout_rooms, lemuel_crystal_altar, amcnicky_altar_gilded, minitemple,
          chequers_serial_rivers_micro_e, minmay_misc_feat_tiny, grunt_decor_cap
D:4:      minmay_general_purpose_star, layout_rooms, minmay_fractal_squares_5

Skill      XL: |  1  2  3 |
---------------+----------+-----
Polearms       | 5 |  5.3
Fighting       | 3 |  3.0
Throwing       | |  2.0
Armour         | |  0.3
Dodging        | |  4.9

Action                     |  1- 3 |  4- 6 || total
---------------------------+-------+-------++-------
  Melee: Trident           |   133 |     1 ||   134
         Punch             |     3 |       ||     3
  Throw: Throwing net      |     1 |       ||     1
         Stone             |     2 |       ||     2
    Use: Scroll            |     7 |       ||     7
         Potion            |       |     3 ||     3
 Armour: Leather armour    |    12 |       ||    12
         Ring mail         |    30 |     2 ||    32
  Dodge: Dodged            |    63 |     4 ||    67
